 Dungeon Crawl Stone Soup version 0.29.1-12-g30fa7ad0bf (webtiles) character file.

Game seed: 7829100211750861017

67 raph the Chopper (level 4, 0/39 HPs)
             Began as a Hill Orc Fighter on Jan 11, 2023.
             Slain by Terence
             ... wielding a +0 flail
              (5 damage)
             ... on level 2 of the Dungeon.
             The game lasted 00:02:06 (1713 turns).

raph the Chopper (Hill Orc Fighter)                 Turns: 1713, Time: 00:02:06

Health: 0/39       AC:  9    Str: 18    XL:     4   Next: 16%
Magic:  4/4        EV:  6    Int:  8    God:
Gold:   112        SH:  4    Dex: 12    Spells: 3/3 levels left

rFire   . . .      SeeInvis .   a - +0 war axe
rCold   . . .      Faith    .   c - +0 buckler
rNeg    . . .      Spirit   .   i - +0 chain mail
rPois   .          Reflect  .   (no helmet)
rElec   .          Harm     .   (no cloak)
rCorr   .          Rampage  .   (no gloves)
Will    .....                   (no boots)
Stlth   ..........              (no amulet)
HPRegen 0.13/turn               (no ring)
MPRegen 0.09/turn               (no ring)

@: about to teleport
A: no striking features
a: no special abilities


You were on level 2 of the Dungeon.
You visited 1 branch of the dungeon, and saw 2 of its levels.

You collected 112 gold pieces.

Inventory:

Hand Weapons
 a - a +0 war axe (weapon)
Armour
 b - a +0 scale mail
 c - a +0 buckler (worn)
 i - a +0 chain mail (worn)
Jewellery
 j - a ring of fire
Scrolls
 e - 4 scrolls of identify
Potions
 d - 2 potions of might
 h - 2 potions of curing


   Skills:
 - Level 3.6 Fighting
 + Level 5.7 Axes
 - Level 3.2 Armour
 - Level 3.2 Shields


You had 3 spell levels left.
You didn't know any spells.
Your spell library contained the following spells:

 Spells                   Type           Power      Damage    Failure   Level
 Slow                     Hex            0%         N/A       100%        1
 Sting                    Tmut/Pois      0%         1d3       100%        1
 Poisonous Vapours        Pois/Air       0%         N/A       100%        2
 Confusing Touch          Hex            0%         N/A       100%        3
 Gell's Gravitas          Tloc           0%         N/A       100%        3
 Lesser Beckoning         Tloc           0%         N/A       100%        3
 Teleport Other           Tloc           0%         N/A       100%        3
 Vampiric Draining        Necr           0%         2d6       100%        3
 Olgreb's Toxic Radiance  Pois           0%         N/A       100%        4


Dungeon Overview and Level Annotations

Branches:
Dungeon (2/15)

Altars:

Annotations:
D:2 Terence


Message History

No target in view!
As you read the scroll labelled YSTRUR TESCHUQUO, it crumbles to dust.
It is a scroll of identify.
h - 2 potions of curing
As you read the scroll labelled NONIMUS EHYSUNK, it crumbles to dust.
You feel strangely unstable.
It was a scroll of teleportation.
As you read the scroll labelled OXEERU ANOCKUA, it crumbles to dust.
Magic quickly surges around you.
It was a scroll of vulnerability.
As you read the scroll labelled FOYBEO CEIP, it crumbles to dust.
You feel aware of your surroundings.
It was a scroll of magic mapping.
Your surroundings suddenly seem different.
As you read the scroll labelled INEENU ZOESKU, it crumbles to dust.
A profound silence engulfs you.
It was a scroll of silence.
You start waiting.
Your hearing returns.
You feel your willpower return.
Terence the Incautious comes into view.
He is wielding a +0 flail.
Terence shouts!
Terence is nearby!
Terence hits you with a +0 flail.
You hit Terence but do no damage. Terence hits you with a +0 flail!
You barely miss Terence. Terence hits you with a +0 flail!
You hit Terence but do no damage. Terence closely misses you.
Terence hits you but does no damage.
You closely miss Terence. Terence hits you with a +0 flail.
You hit Terence.
Terence is lightly wounded.
Terence barely misses you.
You hit Terence but do no damage.
Terence is lightly wounded.
Terence hits you but does no damage.
You closely miss Terence.
Terence is lightly wounded.
Terence hits you with a +0 flail. x2
* * * LOW HITPOINT WARNING * * *
Terence attacks as you move away! Terence hits you with a +0 flail.
* * * LOW HITPOINT WARNING * * *
As you read the scroll of teleportation, it crumbles to dust.
You feel strangely unstable. Terence hits you with a +0 flail.
You die...

#...#..####.....# #..
#...#....##.....# #..
#...#.##.|#.....# ###..
#####.###.#.....# *#....
#.# #.#.....# *#..##.
#######.###.......#
*#..#*#.
......[†..........# #..#*
#. #######.###.#.#####
#.#* #. #.# #.#...@.# #.*
#. #.###.#####@#
***,#####. #...#,* #.#
*,,,#..... ###.#,* #.#*
*,**#.#### #.#,*
**#..*****,* #.# #.#<*
*,...,,,,,>* #)####
#.#,***,###.****,###.....
#.#,,,,,,,,.* *,#....###
#.#****,***##* *,#.##.#..


You could see Terence.

Vanquished Creatures
  2 adders (D:2)
  A worm (D:2)
  2 dart slugs
  3 ball pythons (D:1)
  3 bats
  2 endoplasms (D:2)
  2 giant cockroaches (D:1)
  8 goblins
  4 hobgoblins
  5 kobolds
  5 frilled lizards
  4 rats
41 creatures vanquished.

Notes
Turn   | Place    | Note
-------+----------+-------------------------------------------
     0 | D:1      | raph the Hill Orc Fighter began the quest for the Orb.
     0 | D:1      | Reached XP level 1. HP: 19/19 MP: 1/1
    66 | D:1      | Reached skill level 3 in Axes
   190 | D:1      | Reached XP level 2. HP: 18/26 MP: 2/2
   425 | D:1      | Reached skill level 4 in Axes
   803 | D:1      | Reached XP level 3. HP: 31/31 MP: 3/3
  1278 | D:2      | Reached skill level 5 in Axes
  1578 | D:2      | Reached XP level 4. HP: 31/39 MP: 4/4
  1703 | D:2      | Noticed Terence
  1713 | D:2      | Slain by Terence

Illustrated notes

Levels and vault maps discovered:
D:1:      psy_arrival_whirlpool, layout_basic
D:2:      layout_basic, uniq_terence

Skill      XL: |  1  2  3 |
---------------+----------+-----
Axes           | 3 4 5 |  5.7
Fighting       | |  3.6
Armour         | |  3.2
Shields        | |  3.2

Action                   |  1- 3 |  4- 6 || total
-------------------------+-------+-------++-------
Melee: War axe           |   131 |    15 ||   146
  Use: Scroll            |       |     6 ||     6
Armor: Scale mail        |    48 |       ||    48
       Chain mail        |    22 |     5 ||    27
Dodge: Dodged            |    59 |     5 ||    64
Block: Buckler           |    34 |     1 ||    35
